 Dungeon Crawl Stone Soup version 0.31-a0-325-g067879e3d3 (webtiles) character file.

Game seed: 17481907279399831337

126 AdnanSaban the Covered (level 5, -5/33 HPs)
             Began as a Gargoyle Fighter on July 18, 2023.
             Slain by Pikel
             ... wielding a +2 whip of flaming
              (6 damage)
             ... on level 4 of the Dungeon.
             The game lasted 00:02:19 (2546 turns).

AdnanSaban the Covered (Gargoyle Fighter)           Turns: 2546, Time: 00:02:20

Health: -5/33      AC: 17    Str: 21    XL:     5   Next: 10%
Magic:  5/5        EV:  6    Int: 12    God:
Gold:   105        SH:  4    Dex:  5    Spells: 4/4 levels left

rFire   . . .        k - +5 whip of Sequestration {flame, rElec Int+3 Dex-4}
rCold   . . .        c - +0 buckler
rNeg    + . .        p - +0 plate armour
rPois   ∞            i - +0 helmet
rElec   +            (no cloak)
rCorr   .            (no gloves)
SInv    .            (no boots)
Will    .....        (no amulet) Stlth
                     (no ring)
HPRegen 0.25/turn    (no ring)
MPRegen 0.09/turn

%: no passive effects
@: no status effects
A: sickness immunity, AC +4, negative energy resistance 1, electricity
resistance, torment resistance 1, petrification resistance
a: no special abilities


You were on level 4 of the Dungeon.
You visited 1 branch of the dungeon, and saw 5 of its levels.

You collected 105 gold pieces.

Inventory:

Hand Weapons
 a - a +0 flail
 k - the +5 whip of Sequestration (weapon) {flame, rElec Int+3 Dex-4}
   (You found it on level 2 of the Dungeon)

   Int:       It affects your intelligence (+3).
   Dex:       It affects your dexterity (-4).
   rElec:     It insulates you from electricity.
Armour
 c - a +0 buckler (worn)
 i - a +0 helmet (worn)
 p - a +0 plate armour (worn)
Scrolls
 b - a scroll of revelation {unknown}
 e - a scroll of summoning {unknown}
 f - 3 scrolls of identify {unknown}
 g - 3 scrolls of teleportation {unknown}
 h - 2 scrolls of enchant armour {unknown}
 l - a scroll of fog {unknown}
 n - a scroll of vulnerability {unknown}
 o - a scroll of noise {unknown}
Potions
 d - a potion of might
 j - 2 potions of curing {unknown}
 m - a potion of brilliance {unknown}


   Skills:
 + Level 4.0 Fighting
 + Level 3.3 Maces & Flails
 + Level 4.4 Armour
 + Level 3.8 Shields


You had 4 spell levels left.
You didn't know any spells.
Your spell library was empty.

Dungeon Overview and Level Annotations

Branches:
Dungeon (5/15)
 Temple: D:4-7

Altars:

Annotations:
D:4 Pikel


Innate Abilities, Weirdness & Mutations

You are immune to sickness and miasma.
Your stone body is resilient. (AC +4)
You are immune to poison.
You resist negative energy. (rN+)
You are resistant to electric shocks. (rElec)
You are resistant to unholy torment.
You are immune to petrification.


Message History

A lemure comes into view.
Found 10 gold pieces.
The lemure shouts!
A lemure comes into view.
The lemure moves out of view.
The lemure shouts!
The lemure hits you but does no damage. The lemure attacks as you move away!
The lemure barely misses you. The lemure hits you but does no damage.
Found 5 stones.
The lemure hits you but does no damage.
There is an escape hatch in the ceiling here.
The lemure completely misses you. The lemure barely misses you.
Pikel hits you with a +2 whip of flaming.
Pikel burns you. A mysterious force pulls you upwards.
The hatch slams shut behind you.
You closely miss the lemure. You hit the lemure but do no damage.
The lemure hits you! You block the lemure's attack.
You hit the lemure. You burn the lemure.
The lemure is lightly wounded.
The lemure hits you.
You hit the lemure. You burn the lemure.
The lemure is moderately wounded.
The lemure hits you but does no damage.
You closely miss the lemure.
The lemure is moderately wounded.
Pikel hits you with a +2 whip of flaming!
Pikel burns you. The lemure closely misses you.
You barely miss the lemure.
The lemure is moderately wounded.
Pikel hits you with a +2 whip of flaming.
* * * LOW HITPOINT WARNING * * *
Pikel burns you.
* * * LOW HITPOINT WARNING * * *
The lemure hits you.
* * * LOW HITPOINT WARNING * * *
You closely miss the lemure.
The lemure is moderately wounded.
Pikel hits you with a +2 whip of flaming.
You die...

###
..#
#.#
#.#
#5#
#K#
#@#
#5#
#5#
..#
#..
#.#
#..
###


You could see Pikel and 3 lemures.

Vanquished Creatures
  Terence (D:2)
  Natasha (twice) (D:2)
  An adder (D:2)
  3 dart slugs
  An endoplasm (D:1)
  2 giant cockroaches (D:1)
  4 goblins
  4 hobgoblins
  3 jackals (D:3)
  A kobold (D:2)
  A quokka (D:1)
  2 ball pythons
  5 bats
  3 frilled lizards
  6 rats
39 creatures vanquished.

Notes
Turn   | Place    | Note
-------+----------+-------------------------------------------
     0 | D:1      | AdnanSaban the Gargoyle Fighter began the quest for the
                  | Orb.
     0 | D:1      | Reached XP level 1. HP: 14/14 MP: 1/1
   209 | D:1      | Reached XP level 2. HP: 19/19 MP: 2/2
  1081 | D:2      | Noticed Terence
  1092 | D:2      | Killed Terence
  1093 | D:2      | Reached XP level 3. HP: 11/24 MP: 3/3
  1367 | D:2      | Reached XP level 4. HP: 28/29 MP: 4/4
  1751 | D:2      | Noticed Natasha
  1756 | D:2      | Killed Natasha
  1849 | D:2      | Identified the +5 whip of Sequestration {flame, rElec Int+3
                  | Dex-4}
  1988 | D:2      | Noticed Natasha
  1996 | D:2      | Killed Natasha
  2271 | D:3      | Reached XP level 5. HP: 33/33 MP: 5/5
  2521 | D:3      | You fall into a shaft and drop 2 floors!
  2521 | D:5      | Entered Level 5 of the Dungeon
  2530 | D:5      | Noticed a lemure
  2531 | D:5      | Noticed Pikel
  2532 | D:5      | Noticed a lemure
  2533 | D:5      | Noticed a lemure
  2533 | D:5      | Noticed a lemure
  2545 | D:4      | HP: 1/33 [lemure[Pikel] (3)]
  2546 | D:4      | Slain by Pikel

Illustrated notes

Levels and vault maps discovered:
D:1:      lightli_arrival_statuegarden, layout_basic,
          chequers_serial_rivers_large_a
D:2:      layout_basic, kennysheep_donut, uniq_terence, uniq_natasha
D:3:      layout_loops_corners, corexii_hall_statues_deadend
D:4:      layout_loops_ring, grunt_temple_overflow_open, uniq_duvessa
D:5:      layout_loops_ring, minmay_temple_entry_mist, uniq_menkaure, uniq_pikel

Skill      XL: |  1  2  3  4 |
---------------+-------------+-----
Armour         | 4 |  4.4
Fighting       | 4 |  4.0
Maces & Flails | 3 |  3.3
Shields        | |  3.8

Action                     |  1- 3 |  4- 6 || total
---------------------------+-------+-------++-------
  Melee: Flail             |    85 |    32 ||   117
         Whip              |       |    24 ||    24
 Armour: Scale mail        |    40 |    25 ||    65
         Plate armour      |       |     8 ||     8
  Dodge: Dodged            |    41 |    25 ||    66
  Block: Buckler           |    17 |     8 ||    25

Table legend: (Time is in decaauts)
 A = Elapsed time spent in this place.
 B = Non-inter-level travel time spent in this place.
 C = Inter-level travel time spent in this place.
 D = Time resting spent in this place.
 E = Time spent auto-exploring this place.
 F = Levels seen in this place.
 G = Mean time per level.
                   A        B        C        D        E       F      G
               +--------+--------+--------+--------+--------+-----+--------+
         Total |   2608 |   2560 |     48 |      0 |   2200 |   5 |  521.6 |
       Dungeon |   2608 |   2560 |     48 |      0 |   2200 |   5 |  521.6 |
               +--------+--------+--------+--------+--------+-----+--------+

Top non-repeatable levels by time:
     D:2: 1068 daAuts
     D:1: 1022 daAuts
     D:3: 492 daAuts
     D:5: 17 daAuts
     D:4: 6 daAuts
